 Dungeon Sprint DCSS version 0.31.0-32-g396128a36d (webtiles) character file.

Game seed: 15206245616474447084

20592 Groucho the Unseen (level 12, -10/88 HPs)
             Began as a Felid Shapeshifter on Apr 9, 2024.
             Was a High Priest of Trog.
             Killed by divine providence
             ... invoked by a daeva
              (12 damage)
             ... in the Dungeon (Sprint VII: "The Pits").
             The game lasted 00:16:30 (5007 turns).

Groucho the Unseen (Felid Shapeshifter)             Turns: 5007, Time: 00:16:30

Health: -10/88     AC: 18    Str: 15    XL:     12   Next: 46%
Magic:  13/13      EV: 22    Int: 15    God:    Trog [*****.]
Gold:   173        SH:  0    Dex: 20    Spells: 11/11 levels left
                                        Lives:  0   Deaths: 4

rFire   . .          .
                       - Unarmed
rCold   . . .        (shield unavailable)
rNeg    . . .        (body armour unavailable)
rPois   +            (helmet unavailable)
rElec   .            (cloak unavailable)
rCorr   .            (gloves unavailable)
SInv    +            (boots unavailable)
Will    +....        (no amulet)
Stlth   ++++         m - +3 ring of protection
HPRegen 0.34/turn    n - +3 ring of protection
MPRegen 0.13/turn

%: no teleportation
@: lethally poisoned (-10 -> -12), snake-form, glowing
A: constrict, boosted hp, large, (claws 1), (fangs 3), see invisible, (shaggy
fur 3), (stealthy paws), no weapons or thrown items, no armour, multi-lived
a: Begin Untransformation, Renounce Religion, Berserk, Trog's Hand, Brothers in
Arms


You were in the Dungeon.
You worshipped Trog.
Trog was extremely pleased with you.
You were an enormous serpent.
You visited 1 branch You collected 173 gold pieces.

Inventory:

Jewellery
 i - a ring of fire
 m - a +3 ring of protection (left hand)
 n - a +3 ring of protection (right hand)
 q - a ring of poison resistance
 u - the amulet "Decaf" {rPois Regen+ Dex+9 Stlth-}
   (You found it in the Dungeon)

   [amulet of regeneration]

   Dex+9:     It affects your dexterity (+9).
   rPois:     It protects you from poison Regen+: It increases your rate of
   health regeneration.
   Stlth-:    It makes you less stealthy.
 v - the ring "Guwn" {AC+4 Int+2}
   (You found it in the Dungeon)

   [ring of protection]

   AC+4:      It affects your AC (+4).
   Int+2:     It affects your intelligence (+2).
 w - the ring of Light {rN+ Will+}
   (You found it in the Dungeon)

   [ring of positive energy]

   rN+:       It protects you from negative energy.
   Will+:     It increases your willpower.
 x - the ring "Wyufeluff" {rN++ MP+9 Int-3 Dex+6}
   (You found it in the Dungeon)

   [ring of dexterity]

   Int-3:     It affects your intelligence (-3).
   Dex+6:     It affects your dexterity (+6).
   rN++:      It greatly protects you from negative energy.
   MP+9:      It affects your magic capacity (+9).
 y - the amulet "Ypnemo Ritz" {Acrobat rF+}
   (You found it in the Dungeon)

   [amulet of the acrobat]

   Acrobat:   It increases your evasion while moving and waiting.
   rF+:       It protects you from fire.
 z - the amulet "Gadux" {Acrobat rF++ rN++ Str-5}
   (You found it in the Dungeon)

   [amulet of the acrobat]

   Acrobat:   It increases your evasion while moving and waiting.
   Str-5:     It affects your strength (-5).
   rF++:      It greatly protects you from fire.
   rN++:      It greatly protects you from negative energy.
 A - the ring "Uvuschio" {Ice Fly}
   (You found it in the Dungeon)

   [ring of ice]

   Ice:       It enhances your ice magic.
   rF-:       It makes you vulnerable to fire.
   rC+:       It protects you from cold.
   Fly:       It grants you flight.
 B - the amulet of the Two Names {+Inv rElec Will+ Regen+}
   (You found it in the Dungeon)

   [amulet of regeneration]

   rElec:     It insulates you from electricity.
   Will+:     It increases your willpower.
   +Inv:      It lets you turn invisible.
   Regen+:    It increases your rate of health regeneration.
Talismans
 b - a beast talisman
 c - a flux talisman
 t - the serpent talisman "Plog" (active) {Stlth+}
   (You took it off Aizul in the Dungeon)

   [serpent talisman]

   Stlth+:    It makes you more stealthy.
Wands
 p - a wand of charming (9)
Scrolls
 k - 2 scrolls of vulnerability
 l - 2 scrolls of butterflies
 r - 6 scrolls of fog
 s - 5 scrolls of identify
Potions
 a - a potion of lignification
 d - 8 potions of curing
 e - 7 potions of heal wounds
 f - 3 potions of haste
 g - 4 potions of magic
 h - 7 potions of berserk rage
 j - 2 potions of invisibility
 o - 2 potions of mutation
 C - 2 potions of might
 D - a potion of resistance


   Skills:
 + Level 14.2 Fighting
 + Level 18.2 Dodging
 + Level 19.1 Stealth
 + Level 14.2 Unarmed Combat
 * Level 15.4 Shapeshifting


You had 11 spell levels left.
You didn't know any spells.
Your spell library was empty.

Dungeon Overview and Level Annotations

Branches:
Dungeon (1/1)

Altars:
Ashenzari
Cheibriados
Dithmenos
Elyvilon
Fedhas
Gozag
Hepliaklqana
Kikubaaqudgha
Makhleb
Nemelex Xobeh
Okawaru
Qazlal
Ru
Sif Muna
Trog
Uskayaw
Vehumet
Wu Jian
Xom
Yredelemnul
Zin
The Shining One
Jiyva
Lugonu

Annotations:
D Boris


Innate Abilities, Weirdness & Mutations

You are an enormous serpent.
You have a powerful constriction melee attack.
Your maximum health is increased.
((You have sharp claws.))
((You have razor-sharp teeth.))
You have supernaturally acute eyesight. (SInv)
((Your thick and shaggy fur keeps you warm. (AC +3, rC+)))
((Your paws help you pounce on unaware monsters.))
You are incapable of wielding weapons or throwing items.
You cannot wear armour.
You gain extra lives every three experience levels.


Message History

You hear a shout!
A naga mage comes into view. It is wielding a +0 spear.
A daeva comes into view.
It is wielding a +2 scimitar of holy wrath.
The white draconian barely misses you. The daeva hits you but does no damage.
The daeva hits you with a +2 scimitar of holy wrath!
The daeva blocks your attack.
The daeva is severely wounded.
You constrict the daeva.
The daeva shouts!
Unknown command.
The daeva blocks your attack.
The daeva is severely wounded.
You constrict the daeva, but do no damage.
The white draconian hits you from afar with a +0 glaive!!
The daeva calls down the wrath of the Shining One upon you.
The Shining One smites you!
* * * LOW HITPOINT WARNING * * *
A blizzard demon comes into view.
You lash the daeva!
The daeva is severely wounded.
You constrict the daeva, but do no damage.
The daeva completely misses you.
The daeva hits you with a +2 scimitar of holy wrath.
* * * LOW HITPOINT WARNING * * *
The white draconian misses you.
The naga ritualist mumbles some strange prayers to its god.
The naga ritualist begins to radiate toxic energy.
* * * LOW HITPOINT WARNING * * *
You are poisoned.
A reaper comes into view. It is wielding a +2 scythe.
You lash the daeva!
The daeva is almost dead.
You constrict the daeva.
You feel sick.
The white draconian hits you but does no damage.
The daeva hits you with a +2 scimitar of holy wrath!
* * * LOW HITPOINT WARNING * * *
The daeva misses you.
The daeva calls down the wrath of the Shining One upon you.
The Shining One smites you!
You die...

########### #++#2 #))))..!..#
L...2 #)))).....#dN.ANN
#........SAYN#
#[[[[.....#d..... #[[[[.....#
..... ########### #++#
############################+#
.....ooo.....................#


You could see Boris, 2 daevas, a dire elephant, a purple draconian, a white
draconian, a reaper, a naga ritualist (toxic aura), a naga mage and 2 nagas.

Vanquished Creatures
  Gastronok (D)
  Agnes (D)
  Aizul (D)
  Azrael (D)
  Josephine (D)
  A hydra (D)
  An alligator snapping turtle (D)
  A shadow wraith (D)
  A deep troll (D)
  A lindwurm (D)
  A bog body (D)
  A deep elf pyromancer (D)
  A manticore (D)
  An orc knight (D)
  A wolf spider (D)
  2 smoke demons (D)
  An elephant (D)
  A cane toad (D)
  A gargoyle (D)
  An orange demon (D)
  A rime drake (D)
  3 kobold demonologists (D)
  An unseen horror (D)
  A guardian mummy (D)
  A merfolk (D)
  2 glass eyes (D)
  6 dream sheep (D)
  3 blink frogs (D)
  5 shadows (D)
  3 wraiths (D)
  2 fire elementals (D)
  A warg (D)
  2 vampire mosquitoes (D)
  A swamp drake (D)
  An orc warrior (D)
  A crocodile (D)
  3 centaurs (D)
  A phantom (D)
  A kobold brigand (D)
  A brain worm (D)
  A bullfrog (D)
  A scorpion (D)
  A crimson imp (D)
  A hound (D)
  An orc wizard (D)
  A gnoll (D)
  An adder (D)
  An adder zombie (D)
  An adder skeleton (D)
  An orc (D)
  2 endoplasms (D)
  A giant cockroach (D)
  A goblin (D)
  A hobgoblin (D)
  2 jackals (D)
  A quokka (D)
  A ball python (D)
  A frilled lizard (D)
  A quokka skeleton (D)
  A rat (D)
83 creatures vanquished.

Vanquished Creatures (collateral kills)
  A minotaur (D)
  A sea snake (D)
  An orc knight (D)
  A black mamba (D)
  An efreet (D)
  A red devil (D)
  A spriggan (D)
  A vampire (D)
  A steam dragon (D)
  Menkaure (D)
  A hell hound (D)
  A gnoll sergeant (D)
  A bullfrog (D)
  An orc wizard (D)
  3 gnolls (D)
  3 orcs (D)
20 creatures vanquished.

Vanquished Creatures (others)
  A cyclops (D)
  A scorpion (D)
2 creatures vanquished.

Grand Total: 105 creatures vanquished

Notes
Turn   | Place    | Note
-------+----------+-------------------------------------------
     0 | D        | Groucho the Felid Shapeshifter began the quest for the Orb.
     0 | D        | Reached XP level 1. HP: 10/10 MP: 2/2
    13 | D        | Reached skill level 1 in Stealth
    16 | D        | Found a bloodstained altar of Trog.
    16 | D        | Found a shimmering blue altar of Sif Muna.
    16 | D        | Found a viscous altar of Jiyva.
    16 | D        | Found a hazy altar of Hepliaklqana.
    16 | D        | Found an opulent altar of Gozag.
    17 | D        | Found a glowing golden altar of the Shining One.
    17 | D        | Found a glowing silver altar of Zin.
    17 | D        | Found a basalt altar of Yredelemnul.
    17 | D        | Found a shimmering altar of Xom.
    17 | D        | Found an ornate altar of the Wu Jian Council.
    17 | D        | Found a sacrificial altar of Ru.
    17 | D        | Found a stormy altar of Qazlal.
    17 | D        | Found an iron altar of Okawaru.
    17 | D        | Found a sparkling altar of Nemelex Xobeh.
    17 | D        | Found a burning altar of Makhleb.
    17 | D        | Found a blossoming altar of Fedhas.
    17 | D        | Found a white marble altar of Elyvilon.
    17 | D        | Found a shadowy altar of Dithmenos.
    17 | D        | Found a snail-covered altar of Cheibriados.
    19 | D        | Found a corrupted altar of Lugonu.
    19 | D        | Found a radiant altar of Vehumet.
    20 | D        | Found an ancient bone altar of Kikubaaqudgha.
    20 | D        | Found a hide-covered altar of Uskayaw.
    20 | D        | Found a broken altar of Ashenzari.
    36 | D        | Became a worshipper of Trog the Wrathful
    76 | D        | Reached skill level 2 in Stealth
    77 | D        | Reached * piety under Trog
    81 | D        | Noticed a glass eye
    84 | D        | Reached XP level 2. HP: 15/15 MP: 3/3
    93 | D        | Killed a glass eye
    94 | D        | Reached skill level 5 in Fighting
    94 | D        | Reached skill level 7 in Stealth
    94 | D        | Reached skill level 5 in Unarmed Combat
    94 | D        | Reached skill level 5 in Shapeshifting
    94 | D        | Reached XP level 3. HP: 23/23 MP: 4/4
    94 | D        | Reached XP level 4. HP: 27/27 MP: 5/5
    94 | D        | Gained a life (2 lives remaining)
    94 | D        | Reached XP level 5. HP: 30/30 MP: 6/6
   204 | D        | Noticed a centaur
   217 | D        | Killed a centaur
   217 | D        | Reached ** piety under Trog
   218 | D        | Reached skill level 8 in Stealth
   218 | D        | Gained mutation: You are covered in thick fur. (AC +2)
                  | [Felid growth]
   218 | D        | Reached XP level 6. HP: 18/36 MP: 7/7
   279 | D        | Noticed a warg
   282 | D        | Killed a warg
   283 | D        | Reached skill level 9 in Stealth
   288 | D        | Reached *** piety under Trog
   289 | D        | Reached XP level 7. HP: 34/41 MP: 8/8
   297 | D        | Reached skill level 10 in Stealth
   545 | D        | Reached **** piety under Trog
   546 | D        | Reached skill level 10 in Dodging
   550 | D        | Noticed a glass eye
   566 | D        | Killed a glass eye
   567 | D        | Reached skill level 11 in Stealth
   567 | D        | Reached XP level 8. HP: 47/47 MP: 5/9
   797 | D        | Noticed a deep elf pyromancer
   798 | D        | Noticed a cyclops
   821 | D        | Slain by a fire elemental
   821 | D        | Lost a life (1 life remaining)
   879 | D        | Killed a cyclops
   911 | D        | Killed a deep elf pyromancer
   912 | D        | Reached skill level 12 in Stealth
  1091 | D        | Reached ***** piety under Trog
  1193 | D        | Reached XP level 9. HP: 53/53 MP: 10/10
  1193 | D        | Gained a life (2 lives remaining)
  1203 | D        | Noticed a lindwurm
  1221 | D        | Killed a lindwurm
  1222 | D        | Reached skill level 13 in Stealth
  1222 | D        | Reached skill level 10 in Unarmed Combat
  1588 | D        | Noticed a black mamba
  1588 | D        | Noticed a sea snake
  1595 | D        | Noticed a red devil
  1599 | D        | Killed a black mamba
  1602 | D        | Killed a sea snake
  1603 | D        | Reached skill level 10 in Fighting
  1613 | D        | Reached skill level 10 in Shapeshifting
  1615 | D        | Killed a red devil
  1616 | D        | Reached skill level 14 in Stealth
  1770 | D        | Noticed an unseen horror
  1771 | D        | Noticed a kobold demonologist
  1772 | D        | Killed a kobold demonologist
  1773 | D        | Reached XP level 10. HP: 60/60 MP: 11/11
  1826 | D        | Noticed an orange demon
  1828 | D        | Killed an orange demon
  1835 | D        | Reached ****** piety under Trog
  1836 | D        | Noticed a gargoyle
  1870 | D        | Killed a gargoyle
  1871 | D        | Reached skill level 15 in Stealth
  1961 | D        | Noticed a bog body
  1962 | D        | Noticed a smoke demon
  1968 | D        | Killed a bog body
  1969 | D        | Noticed a minotaur
  1970 | D        | Killed a smoke demon
  1973 | D        | Noticed Menkaure
  2006 | D        | Killed Menkaure
  2032 | D        | Killed a minotaur
  2033 | D        | Reached skill level 15 in Dodging
  2041 | D        | Reached skill level 16 in Stealth
  2041 | D        | Reached XP level 11. HP: 43/66 MP: 12/12
  2045 | D        | Noticed an orc knight
  2046 | D        | Killed an orc knight
  2134 | D        | Noticed a shadow wraith
  2139 | D        | Noticed a deep troll
  2141 | D        | Noticed Josephine
  2142 | D        | Noticed a seven-headed hydra
  2150 | D        | Killed a shadow wraith
  2154 | D        | HP: 2/66 [seven-headed hydra (7)]
  2154 | D        | Mangled by a seven-headed hydra
  2154 | D        | Lost a life (1 life remaining)
  2192 | D        | Killed Josephine
  2213 | D        | Reached skill level 17 in Stealth
  2302 | D        | Killed a deep troll
  2414 | D        | Killed a seven-headed hydra
  2739 | D        | Identified the serpent talisman "Plog" {Stlth+}
  2739 | D        | Noticed Aizul
  2769 | D        | Annihilated by Aizul
  2769 | D        | Lost a life (0 lives remaining)
  3419 | D        | Killed Aizul
  3420 | D        | Reached skill level 18 in Stealth
  3420 | D        | Gained mutation: Your thick and shaggy fur keeps you warm.
                  | (AC +3, rC+) [Felid growth]
  3420 | D        | Reached XP level 12. HP: 40/73 MP: 13/13
  3420 | D        | Gained a life (1 life remaining)
  3874 | D        | Noticed Agnes
  3923 | D        | Noticed an alligator snapping turtle
  3942 | D        | Killed an alligator snapping turtle
  3950 | D        | Noticed Gastronok
  3981 | D        | Killed Agnes
  4408 | D        | Killed Gastronok
  4409 | D        | Reached skill level 15 in Shapeshifting
  4862 | D        | Noticed Azrael
  4887 | D        | Killed Azrael
  4888 | D        | Reached skill level 19 in Stealth
  4891 | D        | Noticed an orc warlord
  4914 | D        | HP: 2/88 [orc knight/+0 war axe (9)]
  4914 | D        | Annihilated by an orc warlord
  4914 | D        | Lost a life (0 lives remaining)
  4937 | D        | Got the amulet "Decaf" {rPois Regen+ Dex+9 Stlth-}
  4939 | D        | Got the ring "Guwn" {AC+4 Int+2}
  4941 | D        | Got the ring of Light {rN+ Will+}
  4943 | D        | Got the ring "Wyufeluff" {rN++ MP+9 Int-3 Dex+6}
  4945 | D        | Got the amulet "Ypnemo Ritz" {Acrobat rF+}
  4947 | D        | Got the amulet "Gadux" {Acrobat rF++ rN++ Str-5}
  4949 | D        | Got the ring "Uvuschio" {Ice Fly}
  4955 | D        | Got the amulet of the Two Names {+Inv rElec Will+ Regen+}
  4995 | D        | Noticed a daeva
  4995 | D        | Noticed a dire elephant
  4995 | D        | Noticed a white draconian
  4999 | D        | Noticed a purple draconian
  5002 | D        | Noticed Boris
  5003 | D        | Noticed a daeva
  5005 | D        | Noticed a blizzard demon
  5007 | D        | Noticed a reaper
  5007 | D        | HP: 2/88 [daeva/+2 scimitar of holy wrath (14)]
  5007 | D        | Killed from afar by a daeva

Illustrated notes

Levels and vault maps discovered:
D:        pitsprint [storerooms_1, entrance_room_1, metal_vault_8, armoury_1,
          mini_pit_1, grid_room_1, main_hall_1, silver_pit, the_coven_1,
          the_vestibule_1, steel_vault_2, golden_pit, hallway_of_sentries,
          crystal_vault_1, iron_vault_4, final_vault]

Skill      XL: |  1  2  3  4  5  6  7  8  9 10 11 12 |
---------------+-------------------------------------+-----
Dodging        | 3 7 8 9 10 12 13 15 17 18 | 18.2
Stealth        | 2 7 8 9 11 12 14 16 18 19 | 19.1
Shapeshifting  | 3 5 6 7 8 10 12 14 15 | 15.4
Fighting       | 5 6 7 9 10 11 13 14 | 14.2
Unarmed Combat | 5 6 7 8 9 10 12 13 14 | 14.2

Action                     |  1- 3 |  4- 6 |  7- 9 | 10-12 || total
---------------------------+-------+-------+-------+-------++-------
  Melee: Unarmed           |    17 |    12 |    97 |   294 ||   420
         Bite              |     1 |     2 |    13 |    31 ||    47
         Punch             |       |       |     4 |     3 ||     7
         Constrict         |       |       |       |     8 ||     8
 Invoke: Trog's Hand       |       |       |     5 |     5 ||    10
         Berserk           |       |       |     3 |       ||     3
         Brothers in Arms  |       |       |     4 |     6 ||    10
Ability: Begin Untransform |       |       |       |     2 ||     2
    Use: Potion            |       |     1 |     3 |    10 ||    14
         Scroll            |       |       |       |     1 ||     1
   Stab: Sleeping          |     2 |     1 |     3 |     6 ||    12
         Invisible         |       |     2 |       |       ||     2
         Distracted        |       |       |       |     1 ||     1
 Armour: Skin              |     2 |     5 |    32 |   146 ||   185
  Dodge: Dodged            |     6 |    15 |   116 |   371 ||   508
   Form: Flux              |       |       |       |     1 ||     1
         Serpent           |       |       |       |     1 ||     1
